 Dungeon Crawl Stone Soup version 0.31-a0-1278-g11c5b68f87 (webtiles) character file.

Game seed: 10317378349711127348

137 pokeman the Magician (level 5, 0/29 HPs)
             Began as a Deep Elf Hedge Wizard on Dec 18, 2023.
             Shot with an arrow by a centaur (5 damage)
             ... on level 5 of the Dungeon.
             The game lasted 00:04:51 (2634 turns).

pokeman the Magician (Deep Elf Hedge Wizard)        Turns: 2634, Time: 00:04:51

Health: 0/29       AC:  3    Str:  7    XL:     5   Next: 0%
Magic:  5/15       EV: 13    Int: 21    God:
Gold:   152        SH:  0    Dex: 14    Spells: 8/16 levels left

rFire   . . .        a - +0 dagger
rCold   . . .        (no shield)
rNeg    . . .        b - +0 robe
rPois   .            c - +0 hat
rElec   .            (no cloak)
rCorr   .            h - +0 pair of gloves
SInv    .            (no boots)
Will    +....        (no amulet)
Stlth   ++           p - ring of willpower
HPRegen 0.24/turn    (no ring)
MPRegen 0.14/turn

%: no passive effects
@: marked
A: no striking features
a: no special abilities


You were on level 5 of the Dungeon.
You visited 1 branch of the dungeon, and saw 5 of its levels.

You collected 152 gold pieces.

Inventory:

Hand Weapons
 a - a +0 dagger (weapon)
Armour
 b - a +0 robe (worn)
 c - a +0 hat (worn)
 h - a +0 pair of gloves (worn)
Jewellery
 p - a ring of willpower (left hand)
Scrolls
 e - a scroll of butterflies {unknown}
 g - 2 scrolls of noise {unknown}
 i - a scroll of enchant armour {unknown}
 n - a scroll of revelation {unknown}
Potions
 d - 2 potions of magic
 f - a potion of might {unknown}
 j - 2 potions of degeneration {unknown}
 k - a potion of brilliance {unknown}
 l - 2 potions of ambrosia {unknown}
 m - 2 potions of haste {unknown}
 o - a potion of heal wounds {unknown}


   Skills:
 - Level 1.0 Fighting
 - Level 1.0 Armour
 - Level 3.0 Dodging
 - Level 3.0 Stealth
 * Level 6.0 Spellcasting
 + Level 2.4 Conjurations
 - Level 1.1 Summonings
 - Level 1.1 Translocations
 + Level 0.0 Air Magic
 + Level 0.2 Poison Magic


You had 8 spell levels left.
You knew the following spells:

 Your Spells              Type           Power      Damage    Failure   Level
a - Magic Dart            Conj           64%        1d6       3%          1
b - Mephitic Cloud        Conj/Pois/Air  10%        N/A       21%         3
c - Call Imp              Summ           20%        N/A       10%         2
d - Blink                 Tloc           20%        N/A       10%         2

Your spell library contained the following spells:

 Spells                   Type           Power      Damage    Failure   Level
 Slow                     Hex            24%        N/A       10%         1
 Sting                    Tmut/Pois      24%        1d4       10%         1
 Cigotuvi's Dreadful Rot  Necr/Pois/Air  12%        N/A       14%         2
 Poisonous Vapours        Pois/Air       12%        N/A       14%         2
 Olgreb's Toxic Radiance  Pois           7%         N/A       65%         4


Dungeon Overview and Level Annotations

Branches:
Dungeon (6/15)
 Temple: D:4-7

Altars:
The Shining One

Shops:
D:1 :

Annotations:
D:1 1 transporter
D:3 3 runed translucent doors, robth's ghost, amateur MiFi


Message History

The iguana is engulfed in noxious fumes.
The iguana appears confused.
Unknown command.
Casting: Mephitic Cloud (quite dangerous; 21% risk of failure)
Confirm with . or Enter, or press ? or * to list all spells.
Aiming: Mephitic Cloud (quite dangerous; 21% risk of failure)
Press: ? - help, Shift-Dir - straight line, f - iguana, p - iguana
Aim: an iguana (chance to affect: 86%)
The ball explodes into a vile cloud!
The stinking cloud engulfs the iguana but does no damage.
The stinking cloud engulfs the kobold but does no damage.
The kobold throws a stone.
The stone closely misses you.
The iguana is engulfed in noxious fumes.
The iguana appears confused.
The iguana is engulfed in noxious fumes.
The iguana appears confused.
Unknown command.
Unknown command.
The iguana bites the centaur.
The kobold throws a stone.
The stone closely misses you.
Unknown command.
The centaur is engulfed in noxious fumes.
The centaur appears confused.
The centaur asks, "Where am I?"
The centaur unwields a +0 orcbow.
The centaur hits the iguana but does no damage.
The centaur kicks the iguana.
The centaur hits itself.
The centaur kicks itself.
The kobold throws a stone.
The stone closely misses you.
A centaur comes into view.
A kobold comes into view. It is wielding a +0 club.
The centaur is engulfed in noxious fumes.
The centaur appears confused.
The centaur hits the iguana.
The centaur kicks the iguana but does no damage.
Unknown command.
Found a white potion.
You feel ready to blink again.
The centaur wields a +0 shortbow.
The centaur shoots an arrow.
The arrow hits you.
You die...

..##.. ...#.. .##..##
..... .! .###†.# ...#
.c. .#....###...#.
###... ...#....≈≈≈≈≈.
#.#.... ...##...§###≈.#
.......
.#......≈#_#≈.###.......
.#.##(#.≈#'#≈..#........
##....##≈§(≈§..#@....#
##....###(...........#
...c.........W.W........
..........cl.K.l........
~.~~~~~...(°..~~~~~..~~~
~≈~≈≈≈~~K~....~~~~~~~~~~
≈≈≈≈≈≈≈~~~....~~≈≈≈~≈≈≈≈
≈≈≈≈≈≈≈≈≈~.....~≈≈≈≈≈≈≈≈
###########'K##########


You could see 2 phantoms, 2 centaurs, 2 iguanas and a kobold.

Vanquished Creatures
  A hound (D:5)
  A jelly (D:5)
  An adder (D:3)
  A shadow imp (D:5)
  2 worms
  4 dart slugs
  4 bats
  3 endoplasms
  A giant cockroach (D:1)
  3 goblins
  4 hobgoblins
  3 jackals (D:2)
  9 kobolds
  2 quokkas (D:1)
  4 ball pythons
  A frilled lizard (D:1)
  5 rats
49 creatures vanquished.

Notes
Turn   | Place    | Note
-------+----------+-------------------------------------------
     0 | D:1      | pokeman the Deep Elf Hedge Wizard began the quest for the
                  | Orb.
     0 | D:1      | Reached XP level 1. HP: 10/10 MP: 7/7
   239 | D:1      | Reached XP level 2. HP: 15/15 MP: 1/9
   423 | D:1      | Found Peokaron's Book Boutique.
   713 | D:1      | Reached skill level 5 in Spellcasting
  1194 | D:2      | Reached XP level 3. HP: 20/20 MP: 6/11
  1198 | D:2      | Learned a level 3 spell: Mephitic Cloud
  1201 | D:2      | Learned a level 2 spell: Call Imp
  1204 | D:2      | Learned a level 2 spell: Blink
  1550 | D:2      | Found a faded altar of an unknown god.
  1560 | D:2      | Reached skill level 1 in Fighting
  2111 | D:3      | Found a runed translucent gate.
  2111 | D:3      | Found a runed translucent gate.
  2131 | D:3      | Found a runed translucent gate.
  2150 | D:3      | Noticed robth's ghost (amateur MiFi)
  2193 | D:3      | Reached skill level 1 in Armour
  2255 | D:3      | Reached XP level 4. HP: 12/25 MP: 4/13
  2377 | D:3      | You fall into a shaft and drop 3 floors!
  2392 | D:5      | Entered Level 5 of the Dungeon
  2506 | D:5      | Reached skill level 6 in Spellcasting
  2512 | D:5      | Reached XP level 5. HP: 29/29 MP: 1/15
  2620 | D:5      | Noticed a phantom
  2621 | D:5      | Noticed a centaur
  2625 | D:5      | Found a glowing golden altar of the Shining One.
  2627 | D:5      | Noticed a phantom
  2633 | D:5      | Noticed a centaur
  2634 | D:5      | Shot with an arrow by a centaur

Illustrated notes

Levels and vault maps discovered:
D:1:      spicycebolla_arrival_risky_transporter, layout_loops_ring,
          serial_shops, shop, minmay_ruptured
D:2:      layout_basic, ebering_ecumenical_altar_box
D:3:      layout_rooms, ebering_ghost_rock_garden, minmay_unequal
D:5:      minmay_goblin_kobold_castle, layout_cave_pools,
          mainiacjoe_overflow_surrounded_room, kennysheep_mini_moat,
          mainiacjoe_overflow_paths, uniq_eustachio
D:6:      layout_loops_ring

Skill      XL: |  1  2  3  4 |
---------------+-------------+-----
Spellcasting   | 5 6 |  6.0
Fighting       | 1 |  1.0
Conjurations   | 2 |  2.4
Armour         | 1 |  1.0
Dodging        | 3 |  3.0
Stealth        | 3 |  3.0
Summonings     | |  1.1
Translocations | |  1.1
Poison Magic   | |  0.2

Action                     |  1- 3 |  4- 6 || total
---------------------------+-------+-------++-------
  Melee: Dagger            |    23 |     5 ||    28
   Cast: Magic Dart        |    96 |    24 ||   120
         Call Imp          |     2 |       ||     2
         Mephitic Cloud    |     1 |     3 ||     4
         Blink             |       |     1 ||     1
   Stab: Sleeping          |     1 |       ||     1
         Confused          |     2 |       ||     2
         Distracted        |     1 |       ||     1
 Armour: Robe              |    23 |     7 ||    30
  Dodge: Dodged            |    11 |    20 ||    31

Table legend: (Time is in decaauts)
 A = Elapsed time spent in this place.
 B = Non-inter-level travel time spent in this place.
 C = Inter-level travel time spent in this place.
 D = Time resting spent in this place.
 E = Time spent auto-exploring this place.
 F = Levels seen in this place.
 G = Mean time per level.
                   A        B        C        D        E       F      G
               +--------+--------+--------+--------+--------+-----+--------+
         Total |   2632 |   2612 |     20 |    140 |   2152 |   5 |  526.4 |
       Dungeon |   2632 |   2612 |     20 |    140 |   2152 |   5 |  526.4 |
               +--------+--------+--------+--------+--------+-----+--------+

Top non-repeatable levels by time:
     D:1: 1130 daAuts
     D:2: 871 daAuts
     D:3: 374 daAuts
     D:5: 241 daAuts
     D:6: 14 daAuts
